 Dungeon Sprint DCSS version 0.20-a0-432-g25cc1b4 (webtiles) character file.

16121 N00B the Wrestler (level 12, -33/126 HPs)
             Began as a Troll Berserker on Jan 2, 2017.
             Was the Champion of Trog.
             Killed from afar by an ice dragon (60 damage)
             ... with a blast of cold
             ... in the Dungeon (Sprint IX: "|||||||||||||||||||||||||||||").
             The game lasted 00:06:14 (1265 turns).

N00B the Wrestler (Troll Berserker)                 Turns: 1265, Time: 00:06:15

Health: -33/126    AC:  6    Str: 28    XL:     12   Next: 7%
Magic:  11/11      EV: 19    Int:  3    God:    Trog [******]
Gold:   573        SH:  0    Dex: 16    Spells: 11/11 levels left

rFire  . . .     SeeInvis .       - Unarmed
rCold  . . .     Gourm    +     a - +0 animal skin
rNeg   . . .     Faith    .     (no shield)
rPois  .         Spirit   .     (helmet restricted)
rElec  .         Reflect  .     l - +0 cloak
rCorr  .         Harm     .     (gloves unavailable)
MR     ++...     NoTele   +     (boots unavailable)
Stlth  +.........               (no amulet)
                                n - +3 ring of dexterity
                                m - +2 ring of evasion

@: regenerating
A: unfitting armour, claws 3, fast metabolism 3, gourmand, regeneration 1,
shaggy fur 1, tough skin 2
a: Berserk, Trog's Hand, Brothers in Arms, Burn Spellbooks, Renounce Religion


You were in the Dungeon.
You worshipped Trog.
Trog was exalted by your worship.
You were very hungry.

You visited 1 branch You collected 909 gold pieces.
You spent 336 gold pieces at shops.

Inventory:

Hand Weapons
 v - a +5 triple crossbow of velocity
Armour
 a - a +0 animal skin (worn)
 l - a +0 cloak (worn)
Jewellery
 m - a +2 ring of evasion (left claw)
 n - a +3 ring of dexterity (right claw)
 y - an uncursed ring of protection from magic
 z - an uncursed ring of protection from fire
 A - an uncursed ring of fire
Wands
 k - a wand of lightning (4/15)
Scrolls
 h - 2 scrolls of blinking
 j - 4 scrolls of remove curse
 r - a scroll of recharging
 s - 4 scrolls of enchant armour
 t - a scroll of fear
 u - 6 scrolls of fog
Potions
 c - 7 potions of curing
 d - 11 potions of heal wounds
 e - a potion of haste
 f - 4 potions of magic
 g - 2 potions of berserk rage
 o - 2 potions of agility
 p - 2 potions of cure mutation
 x - 4 potions of might
Comestibles
 b - 15 bread rations
 i - 2 chunks of flesh
 q - 13 meat rations
 w - 40 fruits


   Skills:
 + Level 10.2 Fighting
 + Level 10.4 Dodging
 * Level 23.5 Unarmed Combat


You had 11 spell levels left.
You didn't know any spells.

Dungeon Overview and Level Annotations

Branches:
Dungeon (1/1)

Altars:
Cheibriados
Dithmenos
Elyvilon
Fedhas
Gozag
Hepliaklqana
Kikubaaqudgha
Makhleb
Nemelex Xobeh
Okawaru
Qazlal
Ru
Sif Muna
Trog
Uskayaw
Vehumet
Xom
Yredelemnul
Zin
The Shining One
Beogh
Jiyva
Lugonu

Shops:
D *[(!


Innate Abilities, Weirdness & Mutations

You are too large for most types of armour.
You have claws for hands.
Your metabolism is lightning-fast.
You like to eat raw meat.
Your natural rate of healing is unusually fast.
You are covered in fur. (AC +1)
You have very tough skin. (AC +2)


Message History

Trog accepts your kill.
The ice dragon closely misses you. x2; The ice dragon barely misses you.
Items here: ))) [ †† Unknown command.
You claw the ice dragon!
The ice dragon is lightly wounded.
The ice dragon bites you.
* * * LOW HITPOINT WARNING * * *
The ice dragon claws you!
* * * LOW HITPOINT WARNING * * *
The ice dragon misses you.
You hear some strange, mumbled words.
You scratch the ice dragon but do no damage.
The ice dragon is lightly wounded.
Unknown command.
Unknown command.
You feel much better. The ice dragon breathes frost at you.
The blast of cold hits you!
You die...

▓_▓.▓.▓.▓)▓.▓.▓
▓.▓.▓.▓.▓)▓.▓.▓
▓'▓.▓÷▓.▓)▓.▓.▓
▓.▓.▓.▓.▓(▓.▓†▓
▓?▓.▓.▓.▓.▓.▓)▓
▓|▓.▓.▓.▓.▓.▓)▓
▓)▓.▓.▓.▓.▓.▓)▓
▓[▓.▓.▓.▓∩▓.▓†▓
▓.▓.▓.▓.▓.▓.▓@▓
▓[▓.▓.▓.▓∩▓.▓D▓
▓.▓.▓.▓.▓)▓.▓{▓
▓.▓.▓.▓.▓∩▓.▓c▓
▓'▓.▓[▓.▓)▓.▓z▓
▓.▓.▓.▓.▓∩▓.▓.▓
▓÷▓.▓)▓.▓)▓.▓.▓
▓)▓.▓'▓.▓.▓.▓.▓
▓.▓.▓.▓.▓.▓.▓


You could see an ice dragon, a centaur warrior and a flying skull.

Vanquished Creatures
  A dire elephant (D)
  An ettin (D)
  Sonja (D)
  2 orc high priests (D)
  An unseen horror (D)
  2 orc knights (D)
  A necromancer (D)
  An orc sorcerer (D)
  2 ugly things (D)
  A manticore (D)
  An elephant (D)
  Psyche (D)
  A tengu conjurer (D)
  A troll (D)
  A yak (D)
  A hungry ghost (D)
  A vampire mosquito (D)
  2 porcupines (D)
  An ice beast (D)
  8 orc warriors (D)
  2 ogres (D)
  A phantom (D)
  A centaur (D)
  A crocodile (D)
  2 bullfrogs (D)
  A scorpion (D)
  A hound (D)
  2 jellies (D)
  5 orc priests (D)
  2 orc wizards (D)
  An adder (D)
  A shadow imp (D)
  An adder zombie (D)
  A dart slug (D)
  2 leopard geckos (D)
  10 orcs (D)
  A ball python (D)
  A giant cockroach (D)
  A goblin (D)
  A kobold (D)
  A frilled lizard (D)
70 creatures vanquished.

Vanquished Creatures (collateral kills)
  3 dire elephants (D)
  4 hydras (D)
  2 orc high priests (D)
  2 orc knights (D)
  An orc sorcerer (D)
  3 elephants (D)
  2 black mambas (D)
  2 spiny frogs (D)
  A komodo dragon (D)
  2 basilisks (D)
  A porcupine (D)
  3 orc warriors (D)
  A crocodile (D)
  3 orcs (D)
30 creatures vanquished.

Grand Total: 100 creatures vanquished

Notes
Turn   | Place    | Note
-------+----------+-------------------------------------------
     0 | D        | N00B the Troll Berserker began the quest for the Orb.
     0 | D        | Reached XP level 1. HP: 22/22 MP: 0/0
    16 | D        | Reached ** piety under Trog
    16 | D        | Reached skill level 4 in Unarmed Combat
    19 | D        | Reached XP level 2. HP: 29/29 MP: 1/1
    24 | D        | Noticed an ogre
    31 | D        | Reached *** piety under Trog
    31 | D        | Reached skill level 5 in Unarmed Combat
    41 | D        | Killed an ogre
    41 | D        | Reached skill level 7 in Unarmed Combat
    41 | D        | Reached XP level 3. HP: 36/39 MP: 2/2
    41 | D        | Reached XP level 4. HP: 44/48 MP: 3/3
    61 | D        | Found a roughly hewn altar of Beogh.
    61 | D        | Found a snail-covered altar of Cheibriados.
    61 | D        | Found a shadowy altar of Dithmenos.
    61 | D        | Found a white marble altar of Elyvilon.
    61 | D        | Found a blossoming altar of Fedhas.
    61 | D        | Found an opulent altar of Gozag.
    62 | D        | Found a hazy altar of Hepliaklqana.
    63 | D        | Found a viscous altar of Jiyva.
    64 | D        | Found an ancient bone altar of Kikubaaqudgha.
    65 | D        | Found a corrupted altar of Lugonu.
    66 | D        | Found a burning altar of Makhleb.
    67 | D        | Found a sparkling altar of Nemelex Xobeh.
    68 | D        | Found an iron altar of Okawaru.
    69 | D        | Found a stormy altar of Qazlal.
    70 | D        | Found a sacrificial altar of Ru.
    71 | D        | Found a deep blue altar of Sif Muna.
    72 | D        | Found a bloodstained altar of Trog.
    73 | D        | Found a hide-covered altar of Uskayaw.
    74 | D        | Found a radiant altar of Vehumet.
    75 | D        | Found a shimmering altar of Xom.
    76 | D        | Found a basalt altar of Yredelemnul.
    77 | D        | Found a glowing silver altar of Zin.
    78 | D        | Found a glowing golden altar of the Shining One.
   111 | D        | Noticed a phantom
   111 | D        | Noticed an ice beast
   111 | D        | Noticed an orc warrior
   113 | D        | Killed a phantom
   113 | D        | Reached **** piety under Trog
   113 | D        | Reached skill level 9 in Unarmed Combat
   113 | D        | Reached XP level 5. HP: 55/55 MP: 4/4
   114 | D        | Reached skill level 5 in Fighting
   114 | D        | Reached skill level 5 in Dodging
   116 | D        | Reached skill level 10 in Unarmed Combat
   116 | D        | Reached XP level 6. HP: 66/66 MP: 5/5
   121 | D        | Killed an ice beast
   121 | D        | Reached skill level 11 in Unarmed Combat
   127 | D        | Killed an orc warrior
   127 | D        | Reached ***** piety under Trog
   191 | D        | Noticed a hungry ghost
   194 | D        | Reached XP level 7. HP: 75/75 MP: 6/6
   203 | D        | Killed a hungry ghost
   203 | D        | Reached skill level 12 in Unarmed Combat
   210 | D        | Reached skill level 13 in Unarmed Combat
   323 | D        | Noticed a komodo dragon
   323 | D        | Noticed a spiny frog
   323 | D        | Noticed a seven-headed hydra
   323 | D        | Noticed a seven-headed hydra
   323 | D        | Noticed a spiny frog
   329 | D        | Killed a komodo dragon
   329 | D        | Reached XP level 8. HP: 53/87 MP: 7/7
   330 | D        | Killed a seven-headed hydra
   330 | D        | Reached skill level 14 in Unarmed Combat
   331 | D        | Killed a spiny frog
   331 | D        | Reached skill level 15 in Unarmed Combat
   333 | D        | Killed an eight-headed hydra
   333 | D        | Reached XP level 9. HP: 61/96 MP: 8/8
   334 | D        | Killed a spiny frog
   334 | D        | Received a gift from Trog
   337 | D        | Reached skill level 16 in Unarmed Combat
   341 | D        | Reached ****** piety under Trog
   429 | D        | Noticed a seven-headed hydra
   429 | D        | Noticed a black mamba
   437 | D        | Killed a seven-headed hydra
   441 | D        | Noticed a black mamba
   442 | D        | Killed a black mamba
   442 | D        | Reached skill level 17 in Unarmed Combat
   444 | D        | Received a gift from Trog
   445 | D        | Noticed a four-headed hydra
   454 | D        | Killed a black mamba
   458 | D        | Killed a four-headed hydra
   458 | D        | Reached XP level 10. HP: 57/106 MP: 9/9
   471 | D        | Noticed an elephant
   471 | D        | Noticed an elephant
   471 | D        | Noticed an elephant
   471 | D        | Noticed a dire elephant
   471 | D        | Noticed an elephant
   471 | D        | Noticed a dire elephant
   474 | D        | Killed an elephant
   476 | D        | Noticed a dire elephant
   476 | D        | Killed an elephant
   476 | D        | Reached skill level 18 in Unarmed Combat
   478 | D        | Noticed a dire elephant
   478 | D        | Killed a dire elephant
   481 | D        | Killed an elephant
   481 | D        | Received a gift from Trog
   484 | D        | Killed a dire elephant
   487 | D        | Killed a dire elephant
   487 | D        | Reached skill level 19 in Unarmed Combat
   495 | D        | Killed a dire elephant
   498 | D        | Killed an elephant
   654 | D        | Noticed Psyche
   659 | D        | Killed Psyche
   659 | D        | Received a gift from Trog
   760 | D        | Received a gift from Trog
   765 | D        | Reached skill level 20 in Unarmed Combat
   848 | D        | Noticed an orc knight
   848 | D        | Noticed an orc knight
   850 | D        | Noticed an orc knight
   853 | D        | Killed an orc knight
   853 | D        | Reached XP level 11. HP: 93/117 MP: 10/10
   869 | D        | Killed an orc knight
   873 | D        | Killed an orc knight
   873 | D        | Received a gift from Trog
   874 | D        | Received a gift from Trog
   894 | D        | Found Ceqija Vimi's General Store.
   894 | D        | Noticed an orc high priest
   894 | D        | Noticed an orc sorcerer
   894 | D        | Noticed an orc high priest
   910 | D        | Killed an orc high priest
   910 | D        | Reached skill level 10 in Fighting
   912 | D        | Killed an orc sorcerer
   912 | D        | Reached skill level 21 in Unarmed Combat
   914 | D        | Received a gift from Trog
   916 | D        | Killed an orc high priest
   971 | D        | Noticed an orc knight
   978 | D        | Killed an orc knight
   978 | D        | Reached skill level 10 in Dodging
   982 | D        | Found Gakouro's Armour Shoppe.
   986 | D        | Found Pasy's Weapon Emporium.
   987 | D        | Noticed an orc high priest
   988 | D        | Found Japutof's Distillery.
   991 | D        | Noticed an orc sorcerer
   996 | D        | Killed an orc high priest
   999 | D        | Noticed an orc high priest
  1001 | D        | Killed an orc sorcerer
  1001 | D        | Received a gift from Trog
  1007 | D        | Killed an orc high priest
  1007 | D        | Reached skill level 22 in Unarmed Combat
  1019 | D        | Bought a potion of heal wounds for 70 gold pieces
  1019 | D        | Bought a potion of heal wounds for 70 gold pieces
  1067 | D        | Bought a potion of might for 56 gold pieces
  1067 | D        | Bought a potion of curing for 42 gold pieces
  1067 | D        | Bought a potion of might for 56 gold pieces
  1067 | D        | Bought a potion of curing for 42 gold pieces
  1123 | D        | Noticed Sonja
  1125 | D        | Killed Sonja
  1213 | D        | Noticed a purple ugly thing
  1221 | D        | Killed an unseen horror
  1222 | D        | Noticed a green ugly thing
  1224 | D        | Killed a purple ugly thing
  1229 | D        | Received a gift from Trog
  1232 | D        | Noticed a necromancer
  1233 | D        | Noticed an ettin
  1237 | D        | Noticed an ice dragon
  1242 | D        | Noticed a vampire mage
  1244 | D        | Killed a green ugly thing
  1244 | D        | Reached skill level 23 in Unarmed Combat
  1252 | D        | Noticed a centaur warrior
  1256 | D        | Killed a necromancer
  1256 | D        | Reached XP level 12. HP: 50/126 MP: 11/11
  1261 | D        | Killed an ettin
  1263 | D        | HP: 2/126 [ice dragon (8)]
  1265 | D        | Killed from afar by an ice dragon

Vault maps used:
D:        linesprint

Skill      XL: |  1  2  3  4  5  6  7  8  9 10 11 |
---------------+----------------------------------+-----
Unarmed Combat | 4 7 9 10 11 13 15 17 20 23 | 23.5
Fighting       | 4 5 6 7 8 9 10 | 10.2
Dodging        | 4 5 6 7 8 9 10 | 10.4

Action                   |  1- 3 |  4- 6 |  7- 9 | 10-12 || total
-------------------------+-------+-------+-------+-------++-------
Melee: Unarmed           |    30 |    14 |    31 |   120 ||   195
       Punch             |       |     2 |     2 |    17 ||    21
Invok: Berserk           |       |     2 |       |       ||     2
       Brothers in Arms  |       |       |     4 |     2 ||     6
       Trog's Hand       |       |       |       |     4 ||     4
Evoke: Wand              |       |       |     3 |       ||     3
  Use: Potion            |       |       |       |     3 ||     3
 Stab: Invisible         |       |       |       |     3 ||     3
  Eat: Chunk             |       |     4 |     7 |     5 ||    16
Armor: Animal skin       |     4 |       |     3 |     7 ||    14
Dodge: Dodged            |     7 |     3 |    17 |    61 ||    88
